 Dungeon Crawl Stone Soup version 0.30-a0-743-gbfdf073 (webtiles) character file.

Game seed: 10743477436092238183

165137 PublicAnimeNo1 the Covert (level 17, -13/126 (138) HPs)
             Began as a Demonspawn Artificer on Feb 8, 2023.
             Was the Champion of Makhleb.
             Killed from afar by a ghostly deep elf death mage (59 damage)
             ... with a bolt of negative energy
             ... led by a deep elf high priest
             ... on level 2 of the Elven Halls on Feb 10, 2023.
             The game lasted 01:12:03 (20670 turns).

PublicAnimeNo1 the Covert (Demonspawn Artificer)   Turns: 20670, Time: 01:12:05

HP:   -13/126 (138) AC: 22    Str: 13    XL:     17   Next: 27%
MP:   27/29         EV: 17    Int: 17    God:    Makhleb [******]
Gold: 3080          SH: 14    Dex: 17    Spells: 15/32 levels left

rFire   . . .      SeeInvis .    a - +5 short sword (elec)
rCold   + . .      Faith    .    B - +0 buckler
rNeg    . . .      Spirit   .    s - +2 ring mail of Forking Paths {Will++}
rPois   +          Reflect  +    (helmet unavailable)
rElec   +          Harm     .    U - +1 cloak
rCorr   +          Rampage  .    C - +2 pair of gloves {Str+3}
Will    +++..                    P - +2 pair of boots
Stlth   ++++++                   i - amulet "Qyfez" {Reflect rElec rPois Str-3 SH+5}
HPRegen 0.41/turn                O - ring of the Octopus King {rC+ HP+2 AC+2 EV+2 SH+2}
MPRegen 0.21/turn                E - ring of Mathedol {rCorr AC+4}

@: animating dead, drained
A: horns 3, demonic guardian 2, ignite blood 2, sturdy frame 3, corrupting
presence 1
a: Renounce Religion, Minor Destruction, Lesser Servant of Makhleb, Major
Destruction, Greater Servant of Makhleb


You were on level 2 of the Elven Halls.
You worshipped Makhleb.
Makhleb was exalted by your worship.
You visited 5 branches of the dungeon, and saw 25 of its levels.
You also visited: Ossuary, Bailey and Volcano.

You collected 3146 gold pieces.
You spent 66 gold pieces at shops.

Inventory:

Hand Weapons
 a - a +5 short sword of electrocution (weapon)
 Q - a +6 long sword of protection
Missiles
 z - 4 throwing nets
Armour
 s - the +2 ring mail of Forking Paths (worn) {Will++}
   (You found it in a bailey)

   Will:      It greatly increases your willpower.
 y - the +5 ring mail "Roucub" {Regen+ Stlth+}
   (You found it on level 6 of the Dungeon)

   Regen:     It increases your rate of health regeneration.
   Stlth:     It makes you more stealthy.
 B - a +0 buckler (worn)
 C - a +2 pair of gloves of strength (worn)
 P - a +2 pair of boots (worn)
 U - a +1 cloak (worn)
Jewellery
 i - the amulet "Qyfez" (around neck) {Reflect rElec rPois Str-3 SH+5}
   (You acquired it on level 3 of the Dungeon)

   [amulet of reflection]

   It reflects blocked missile attacks.
   Str:       It affects your strength (-3).
   rElec:     It insulates you from electricity.
   rPois:     It protects you from poison.
   SH:        It affects your SH (+5).
 u - a ring of protection from fire
 v - the ring "Fuelanemp" {rC+ SInv}
   (You found it on level 4 of the Dungeon)

   [ring of protection from cold]

   rC:        It protects you from cold.
   SInv:      It lets you see invisible.
 E - the ring of Mathedol (right hand) {rCorr AC+4}
   (You found it on level 5 of the Lair of Beasts)

   [ring of protection]

   AC:        It affects your AC (+4).
   rCorr:     It protects you from acid and corrosion.
 F - a ring of protection from fire
 O - a ring of the Octopus King (left hand) {rC+ HP+2 AC+2 EV+2 SH+2}
   (You found it on level 11 of the Dungeon)

   [ring of protection from cold]

   AC:        It affects your AC (+2).
   EV:        It affects your evasion (+2).
   rC:        It protects you from cold.
   HP:        It affects your health (+2).
   SH:        It affects your SH (+2).
 V - a +4 ring of slaying
 Y - a ring "Vucsir" {rPois Int+3 Dex+6}
   (You found it on level 14 of the Dungeon)

   [ring of poison resistance]

   Int:       It affects your intelligence (+3).
   Dex:       It affects your dexterity (+6).
   rPois:     It protects you from poison.
Wands
 d - a wand of charming (9)
 l - a wand of flame (25)
 D - a wand of roots (13)
 G - a wand of digging (18)
 J - a wand of quicksilver (4)
 N - a wand of paralysis (13)
Scrolls
 c - 7 scrolls of blinking
 f - 6 scrolls of enchant armour
 n - 14 scrolls of teleportation
 t - 5 scrolls of butterflies
 x - 4 scrolls of brand weapon
 L - 2 scrolls of fear
 M - 7 scrolls of amnesia
 R - 7 scrolls of identify
 T - 3 scrolls of enchant weapon
Potions
 e - a potion of lignification
 g - 2 potions of might
 h - 10 potions of heal wounds
 j - 8 potions of haste
 k - 5 potions of flight
 m - 9 potions of curing
 o - 6 potions of resistance
 q - 6 potions of mutation
 r - a potion of cancellation
 A - 2 potions of invisibility
 H - a potion of ambrosia
 K - 2 potions of magic
Miscellaneous
 Z - a condenser vane (inert)


   Skills:
 - Level 13.0 Fighting
 - Level 12.0 Short Blades
 - Level 4.0 Armour
 + Level 6.0 Dodging
 + Level 14.0 Stealth
 + Level 9.1 Shields
 - Level 8.0 Spellcasting
 * Level 8.1 Necromancy
 - Level 4.0 Translocations
 - Level 4.0 Earth Magic
 - Level 8.0 Invocations
 - Level 6.6 Evocations


You had 15 spell levels left.
You knew the following spells:

 Your Spells              Type           Power      Damage    Failure   Level
a - Manifold Assault      Tloc           20%        N/A       24%         4
b - Borgnjor's Vile Clut  Necr/Erth      13%        N/A       30%         5
c - Animate Dead          Necr           34%        N/A       4%          4
d - Blink                 Tloc           40%        N/A       3%          2
e - Momentum Strike       Conj/Tloc      26%        3d8       9%          2

Your spell library contained the following spells:

 Spells                   Type           Power      Damage    Failure   Level
 Lesser Beckoning         Tloc           40%        N/A       3%          2
 Beastly Appendage        Tmut           12%        N/A       13%         1
 Magic Dart               Conj           24%        1d4       13%         1
 Shock                    Conj/Air       24%        1d4       13%         1
 Summon Small Mammal      Summ           24%        N/A       13%         1
 Call Imp                 Summ           6%         N/A       19%         2
 Wereblood                Tmut           6%         N/A       19%         2
 Mephitic Cloud           Conj/Pois/Air  6%         N/A       36%         3
 Ozocubu's Armour         Ice            6%         N/A       36%         3
 Spider Form              Tmut/Pois      6%         N/A       36%         3
 Swiftness                Air            6%         N/A       36%         3
 Animate Armour           Summ/Erth      26%        N/A       50%         4
 Death Channel            Necr           17%        N/A       56%         6
 Airstrike                Air            3%         2d(1-17)  77%         4
 Iskenderun's Battlesphe  Conj           6%         2d6       98%         5
 Summon Mana Viper        Hex/Summ       6%         N/A       98%         5
 Dispersal                Tloc           10%        N/A       98%         6
 Iron Shot                Conj/Erth      6%         9d2       100%        6
 Ozocubu's Refrigeration  Ice            3%         4d8       100%        7
 Spellforged Servitor     Conj/Summ      3%         N/A       100%        7
 Disjunction              Tloc           10%        N/A       100%        8


Dungeon Overview and Level Annotations

Branches:
Dungeon (15/15)            Temple (1/1) D:6            Lair (5/5) D:11
  Swamp (0/4) Lair:3       Spider (0/4) Lair:3        Slime (0/5) Lair:4
    Orc (2/2) D:10            Elf (2/3) Orc:2        Vaults (0/5) D:13
Ossuary (visited)          Bailey (visited)         Volcano (visited)
 Depths: D:15

Altars:
Ashenzari
Cheibriados
Dithmenos
Fedhas
Gozag
Hepliaklqana
Kikubaaqudgha
Makhleb
Nemelex Xobeh
Okawaru
Qazlal
Ru
Sif Muna
Trog
Uskayaw
Vehumet
Wu Jian
Xom
Yredelemnul
Jiyva

Shops:
D:3 =!(*(   Orc:2 ([[(

Annotations:
D:8 3 runed translucent doors, Wizard1ke's ghost, novice VSGl
Temple 2 transporters
Elf:1 2 transporters, heathens's ghost, journeyman MiBe
Elf:2 3 runed translucent doors, cpf86's ghost, adept DjFE


Innate Abilities, Weirdness & Mutations

You have a pair of large horns on your head.
A demonic guardian rushes to your aid.
Your demonic aura often causes spilled blood to erupt in flames.
Your movements are significantly less encumbered by armour. (ER -6)
Your presence sometimes corrodes those you injure.


Message History

Makhleb accepts your kill.
The dead are walking!
The air elemental hits you.
You can move again.
Your Dodging skill increases to level 6!
You miss the air elemental.
The air elemental is moderately damaged.
You block the air elemental's attack.
You hear some strange, mumbled words.
A lance of force appears from out of thin air!
The lance of force reflects off an invisible shield around you!
The lance of force hits something!!
You closely miss something. The air elemental closely misses you.
Your deep elf archer zombie hits the air elemental.
The deep elf archer unwields a +0 short sword.
The deep elf archer wields a +0 shortbow.
The deep elf archer shoots an arrow.
The arrow hits you! Something hits you!
The air elemental fires a burst of electricity at you.
The stunning burst hits you. You resist.
Your deep elf high priest zombie misses the air elemental.
The air elemental hits you but does no damage.
You hear some strange, mumbled words.
A lance of force appears from out of thin air!
The lance of force hits you.
You are knocked back by the lance of force.
You slam into the rock wall!
The air elemental fires a burst of electricity at you.
The stunning burst hits you but does no damage.
Your deep elf archer zombie hits the air elemental.
The deep elf zephyrmancer hits your deep elf high priest zombie with a +1 long sword of electrocution.
There is a stone staircase leading up, spattered with blood here.
You block the air elemental's attack.
You hear some strange, mumbled words.
A shard of ice appears from out of thin air!
The shard of ice misses you. You block the air elemental's attack.
Your deep elf high priest zombie closely misses the deep elf zephyrmancer.
The ghostly deep elf death mage points at you and mumbles some strange words.
The bolt of negative energy hits the air elemental.
The air elemental completely resists.
The bolt of negative energy hits you!!!
You feel drained.
You die...

.....ee#..#.#
...#.We#..#e#
.+..#.#ee#.e#'###
.+.....!e#......#
.+○.#.#?e#...e..##
.#E..#..E#......)#
#.......#.....°Z##
.#########...e)E○.#
.........[....Z{@##
...).).).[.......#
##.###)#.##>....##
##.# #))###.....#
#..###)## #######
...##.## #.#.##
#..## #.##


You could see a ghostly deep elf death mage (empowered), a deep elf archer
(repels missiles), 2 deep elf zephyrmancers, an air elemental (ally target), a
friendly deep elf high priest zombie and a friendly deep elf archer zombie.

Vanquished Creatures
  Kirke (Elf:1)
  A deep elf sorcerer (Elf:2)
  An orc warlord (Orc:2)
  A deep elf demonologist (Elf:1)
  2 deep elf annihilators (Elf:2)
  A red draconian (Volcano)
  2 deep elf death magi (Elf:2)
  Josephine (D:14)
  A deep elf high priest (Elf:2)
  8 hydras
  5 centaur warriors
  4 boulder beetles
  4 dancing weapons
  11 two-headed ogres
  2 ogre magi
  4 death yaks (Lair:5)
  2 tengu warriors (D:14)
  4 orc high priests
  4 deep elf knights
  4 skeletal warriors (D:12)
  4 deep elf archers
  2 orc knights
  A necromancer (Lair:3)
  11 deep elf zephyrmancers
  8 deep elf pyromancers
  4 orc sorcerers
  4 cyclopes
  5 manticores
  10 ugly things (D:14)
  8 elephants (Lair:5)
  Maurice (Orc:2)
  2 gargoyles
  A molten gargoyle (Volcano)
  2 black mambas (Lair:5)
  15 cane toads
  A rime drake (Lair:5)
  9 komodo dragons
  7 trolls
  3 tyrant leeches (Lair:5)
  2 polar bears
  A hornet (D:8)
  25 blink frogs
  6 slime creatures (D:12)
  A water elemental (Elf:2)
  A culicivora (shapeshifter) (D:11)
  2 shadows (D:10)
  9 wraiths
  43 yaks
  2 fire bats (Volcano)
  A wyvern (D:9)
  A hog (Elf:1)
  4 basilisks
  A hog (shapeshifter) (D:13)
  12 vampire mosquitoes
  A steam dragon (D:6)
  3 wargs
  2 acid dragons
  A sky beast (D:7)
  35 orc warriors
  An ice beast (D:5)
  10 water moccasins
  An elephant zombie (Lair:3)
  A black bear (D:6)
  3 ogres
  6 centaurs
  An elf zombie (Elf:2)
  8 wolves
  2 phantoms
  A kobold brigand (D:10)
  11 bullfrogs
  A komodo dragon zombie (Lair:3)
  7 scorpions
  A necrophage (D:5)
  A gnoll sergeant (D:9)
  4 wights (D:9)
  2 troll zombies (D:10)
  3 killer bees (D:8)
  5 electric eels
  4 howler monkeys
  5 lava snakes (Volcano)
  5 jellies
  2 hounds (D:5)
  28 orc priests
  2 gnoll boudas
  Terence (D:3)
  7 iguanas
  26 orc wizards
  4 ogre zombies (D:10)
  2 mummies
  8 adders
  22 gnolls
  2 white imps
  An ufetubus (D:3)
  2 worms
  2 dart slugs
  103 orcs
  7 ball pythons
  7 bats
  7 endoplasms
  9 giant cockroaches
  8 goblins
  7 hobgoblins
  13 kobolds
  6 quokkas
  3 frilled lizards
  A gnoll skeleton (Ossuary)
  A goblin skeleton (D:10)
  4 goblin zombies
  2 hobgoblin zombies (D:10)
  11 kobold skeletons (Ossuary)
  15 orc skeletons
  12 orc zombies
  4 rats
  A bush (Lair:5)
727 creatures vanquished.

Vanquished Creatures (collateral kills)
  Gastronok (Lair:3)
  A deep elf high priest (Elf:2)
  A deep elf archer (Elf:2)
  2 deep elf pyromancers
  An orc knight (Orc:2)
  A deep elf zephyrmancer (Elf:1)
  3 cane toads
  2 komodo dragons
  A tengu conjurer (D:14)
  2 blink frogs (Lair:4)
  A wraith (D:12)
  A basilisk (Lair:3)
  A vampire mosquito (D:13)
  A fire elemental (Elf:1)
  5 orc warriors
  A scorpion (Lair:3)
  3 orc priests
  A jelly (Lair:4)
  2 orc wizards (Orc:1)
  A gnoll (D:4)
  6 orcs
  A hobgoblin (D:4)
39 creatures vanquished.

Vanquished Creatures (others)
  A deep elf knight (Elf:2)
  9 elf zombies
  An air elemental (Elf:2)
  A hog zombie (Elf:1)
  A gnoll (D:2)
  A goblin (D:1)
  29 fungi
  135 plants
  3 toadstools (D:10)
181 creatures vanquished.

Grand Total: 947 creatures vanquished

Notes
Turn   | Place    | Note
-------+----------+-------------------------------------------
     0 | D:1      | PublicAnimeNo1 the Demonspawn Artificer began the quest for
                  | the Orb.
     0 | D:1      | Reached XP level 1. HP: 15/15 MP: 1/1
   102 | D:1      | Reached skill level 1 in Stealth
   334 | D:1      | Gained mutation: Your movements are slightly less
                  | encumbered by armour. (ER -2) [demonic ancestry]
   334 | D:1      | Reached XP level 2. HP: 8/21 MP: 2/2
   977 | D:1      | Reached XP level 3. HP: 27/27 MP: 3/3
  1150 | D:2      | Reached skill level 2 in Stealth
  1165 | D:2      | Reached skill level 1 in Short Blades
  1170 | D:2      | Reached XP level 4. HP: 33/33 MP: 4/4
  1198 | D:2      | Found a faded altar of an unknown god.
  1816 | D:3      | Found Verrih's Weapon Boutique.
  1862 | D:3      | Noticed Terence
  1940 | D:3      | Found Cuyril's Distillery.
  1942 | D:3      | Identified a scroll of acquirement
  1942 | D:3      | Acquired the amulet "Qyfez" {Reflect rElec rPois Str-3
                  | SH+5}
  2015 | D:3      | Found Gymmar's Assorted Antiques.
  2027 | D:3      | Bought a silvery potion for 22 gold pieces
  2027 | D:3      | Bought a fizzy white potion for 22 gold pieces
  2027 | D:3      | Bought a grey potion for 22 gold pieces
  2176 | D:3      | Reached XP level 5. HP: 33/39 MP: 5/5
  2265 | D:3      | Killed Terence
  2287 | D:3      | Found Quryduq's Antique Weapon Shop.
  2360 | D:3      | Found Lamnuac's Jewellery Boutique.
  2541 | D:4      | Identified the ring "Fuelanemp" {rC+ SInv}
  2562 | D:4      | Reached skill level 3 in Stealth
  2567 | D:4      | Gained mutation: A weak demonic guardian rushes to your
                  | aid. [demonic ancestry]
  2567 | D:4      | Reached XP level 6. HP: 20/47 MP: 6/6
  3145 | D:5      | Entered Level 5 of the Dungeon
  3214 | D:5      | Noticed an ice beast
  3228 | D:5      | Killed an ice beast
  3229 | D:5      | Gained mutation: Your demonic aura sometimes causes spilled
                  | blood to erupt in flames. [demonic ancestry]
  3229 | D:5      | Reached XP level 7. HP: 45/52 MP: 7/7
  3284 | D:5      | Found an ancient bone altar of Kikubaaqudgha.
  3571 | D:5      | Reached skill level 4 in Stealth
  3571 | D:5      | Reached skill level 5 in Evocations
  4104 | D:5      | Reached XP level 8. HP: 55/61 MP: 8/8
  4195 | D:5      | Found a hide-covered altar of Uskayaw.
  4309 | D:6      | Reached skill level 5 in Fighting
  4341 | D:6      | Reached skill level 5 in Short Blades
  4341 | D:6      | Reached skill level 5 in Stealth
  4366 | D:6      | Noticed a boulder beetle
  4477 | D:6      | Found a sand-covered staircase.
  4490 | Ossuary  | Entered an ossuary
  4815 | D:6      | Acquired 714 gold pieces
  4952 | D:6      | Reached skill level 6 in Stealth
  4965 | D:6      | Gained mutation: Your movements are less encumbered by
                  | armour. (ER -4) [demonic ancestry]
  4965 | D:6      | Reached XP level 9. HP: 58/69 MP: 9/9
  5248 | D:6      | Identified the +5 ring mail "Roucub" {Regen+ Stlth+}
  5343 | D:6      | Killed a boulder beetle
  5344 | D:6      | Reached skill level 7 in Stealth
  5772 | D:6      | Found a staircase to the Ecumenical Temple.
  6095 | D:7      | Identified the +5 chain mail of Disguise {rCorr Str+6
                  | Int-2}
  6191 | D:7      | Gained mutation: You have a pair of small horns on your
                  | head. [demonic ancestry]
  6191 | D:7      | Reached XP level 10. HP: 80/80 MP: 10/10
  6235 | D:7      | Noticed a two-headed ogre
  6241 | D:7      | Killed a two-headed ogre
  6242 | D:7      | Reached skill level 8 in Stealth
  6326 | D:7      | Found a flagged portal.
  6340 | Bailey   | Entered a bailey
  6440 | Bailey   | Found a large runed translucent door.
  6440 | Bailey   | Found a large runed translucent door.
  6440 | Bailey   | Noticed an orc knight
  6480 | Bailey   | Noticed a deep elf pyromancer
  6502 | Bailey   | Killed a deep elf pyromancer
  6521 | Bailey   | Killed an orc knight
  6669 | Bailey   | Identified the +2 ring mail of Forking Paths {Will++}
  7439 | D:8      | Reached skill level 1 in Shields
  7526 | D:8      | Found an opulent altar of Gozag.
  7560 | D:8      | Found a runed translucent gate.
  7560 | D:8      | Found a runed translucent gate.
  7561 | D:8      | Found a runed translucent gate.
  7563 | D:8      | Noticed Wizard1ke's ghost (novice VSGl)
  7690 | Temple   | Entered the Ecumenical Temple
  7690 | Temple   | Found a transporter.
  7690 | Temple   | Found a transporter.
  7692 | Temple   | Found a transporter.
  7692 | Temple   | Found a transporter.
  7721 | Temple   | Became a worshipper of Makhleb the Destroyer
  8022 | D:9      | Reached skill level 1 in Invocations
  8237 | D:9      | Noticed a cyclops
  8240 | D:9      | Killed a cyclops
  8241 | D:9      | Gained mutation: A demonic guardian rushes to your aid.
                  | [demonic ancestry]
  8241 | D:9      | Reached XP level 11. HP: 89/89 MP: 12/12
  8524 | D:10     | Entered Level 10 of the Dungeon
  8536 | D:10     | Reached skill level 9 in Stealth
  8627 | D:10     | Reached * piety under Makhleb
  8631 | D:10     | Found a staircase to the Orcish Mines.
  8816 | D:10     | Reached ** piety under Makhleb
  8924 | D:10     | Reached skill level 10 in Short Blades
  9050 | D:10     | Noticed a two-headed ogre
  9057 | D:10     | Killed a two-headed ogre
  9294 | D:10     | Found a radiant altar of Vehumet.
  9295 | D:10     | Noticed a two-headed ogre
  9308 | D:10     | Killed a two-headed ogre
  9619 | D:11     | Found the ring of the Octopus King
  9623 | D:11     | Identified a ring of the Octopus King {rC+ HP+2 AC+2 EV+2
                  | SH+2}
  9671 | D:11     | Reached skill level 5 in Invocations
  9701 | D:11     | Found a staircase to the Lair.
  9731 | D:11     | Noticed a two-headed ogre
  9737 | D:11     | Found a gate leading to a gauntlet.
  9744 | D:11     | Killed a two-headed ogre
  9745 | D:11     | Reached *** piety under Makhleb
  9746 | D:11     | Reached skill level 10 in Fighting
  9865 | D:11     | Reached skill level 10 in Stealth
 10379 | Lair:1   | Entered Level 1 of the Lair of Beasts
 10394 | Lair:1   | Gained mutation: You have a pair of horns on your head.
                  | [demonic ancestry]
 10394 | Lair:1   | Reached XP level 12. HP: 97/97 MP: 16/16
 11127 | Lair:2   | Noticed a four-headed hydra
 11133 | Lair:2   | Killed a four-headed hydra
 11134 | Lair:2   | Reached skill level 5 in Shields
 11449 | Lair:2   | Noticed a four-headed hydra
 11462 | Lair:2   | Killed a four-headed hydra
 12123 | Lair:3   | Noticed Gastronok
 12136 | Lair:3   | Noticed a seven-headed hydra
 12144 | Lair:3   | Reached **** piety under Makhleb
 12151 | Lair:3   | Killed a seven-headed hydra
 12161 | Lair:3   | Killed Gastronok
 12162 | Lair:3   | Reached skill level 11 in Stealth
 12334 | Lair:3   | Noticed a boulder beetle
 12349 | Lair:3   | Killed a boulder beetle
 12392 | Lair:3   | Found a staircase to the Swamp.
 12577 | Lair:3   | Found a hole to the Spider Nest.
 12895 | Lair:3   | Gained mutation: Your demonic aura often causes spilled
                  | blood to erupt in flames. [demonic ancestry]
 12895 | Lair:3   | Reached XP level 13. HP: 106/106 MP: 19/19
 13378 | Lair:4   | Found a staircase to the Slime Pits.
 13383 | Lair:4   | Found a viscous altar of Jiyva.
 13639 | Lair:5   | Entered Level 5 of the Lair of Beasts
 13679 | Lair:5   | Found a dark tunnel.
 13684 | Volcano  | Entered a volcano
 13789 | Volcano  | Found a bloodstained altar of Trog.
 13887 | Volcano  | Noticed a red draconian
 13896 | Volcano  | Killed a red draconian
 13968 | Volcano  | Reached ***** piety under Makhleb
 13993 | Volcano  | Identified the +4 pair of gloves of Entulyr {Harm rF-
                  | Int+8}
 14146 | Lair:5   | Reached skill level 12 in Stealth
 14336 | Lair:5   | Gained mutation: You have a pair of large horns on your
                  | head. [demonic ancestry]
 14336 | Lair:5   | Reached XP level 14. HP: 115/115 MP: 20/20
 14337 | Lair:5   | Gained mutation: Your movements are significantly less
                  | encumbered by armour. (ER -6) [demonic ancestry]
 14337 | Lair:5   | Reached XP level 15. HP: 121/121 MP: 20/25
 14415 | Lair:5   | Learned a level 4 spell: Manifold Assault
 14499 | Lair:5   | Reached skill level 1 in Translocations
 14668 | Lair:5   | Reached skill level 1 in Dodging
 14726 | Lair:5   | Gained mutation: Your presence sometimes corrodes those you
                  | injure. [demonic ancestry]
 14726 | Lair:5   | Reached XP level 16. HP: 111/129 MP: 26/26
 14900 | Lair:5   | Identified the ring of Mathedol {rCorr AC+4}
 15273 | Orc:1    | Entered Level 1 of the Orcish Mines
 15622 | Orc:2    | Entered Level 2 of the Orcish Mines
 15622 | Orc:2    | Found a burning altar of Makhleb.
 15729 | Orc:2    | Found a staircase to the Elven Halls.
 16039 | Orc:2    | Reached ****** piety under Makhleb
 16109 | Orc:2    | Learned a level 5 spell: Borgnjor's Vile Clutch
 16471 | Orc:2    | Noticed Maurice
 16513 | Orc:2    | Killed Maurice
 16514 | Orc:2    | Reached skill level 1 in Necromancy
 16536 | Orc:2    | Found Haree's Antique Weapon Shoppe.
 16551 | Orc:2    | Found Wastib's Antique Armour Emporium.
 16656 | Orc:2    | Found Lanawor's Armour Shop.
 16746 | Orc:2    | Found Jagixekk's Antique Weapon Shoppe.
 17485 | D:12     | Reached skill level 1 in Earth Magic
 17972 | D:13     | Found a gate to the Vaults.
 17975 | D:13     | Reached skill level 13 in Stealth
 18607 | D:14     | Noticed Josephine
 18625 | D:14     | Killed Josephine
 18796 | D:14     | Learned a level 4 spell: Animate Dead
 18810 | D:14     | You fall into a shaft and drop 1 floor!
 18810 | D:15     | Entered Level 15 of the Dungeon
 18945 | D:14     | Learned a level 2 spell: Blink
 18948 | D:14     | Learned a level 2 spell: Momentum Strike
 19058 | D:14     | Reached skill level 5 in Necromancy
 19138 | D:14     | Identified a ring "Vucsir" {rPois Int+3 Dex+6}
 19519 | Elf:1    | Entered Level 1 of the Elven Halls
 19555 | Elf:1    | Reached skill level 5 in Dodging
 19628 | Elf:1    | Found a transporter.
 19628 | Elf:1    | Noticed a deep elf blademaster
 19641 | Elf:1    | Found a bloodstained altar of Trog.
 19641 | Elf:1    | Noticed heathens's ghost (journeyman MiBe)
 19641 | Elf:1    | Noticed a deep elf blademaster
 19659 | Elf:1    | Found a transporter.
 19745 | Elf:1    | Found an ancient bone altar of Kikubaaqudgha.
 19786 | Elf:1    | Noticed Kirke
 19803 | Elf:1    | Killed Kirke
 19804 | Elf:1    | Reached XP level 17. HP: 114/136 MP: 27/29
 19819 | Elf:1    | Got Sif Muna's Omnibus of the Boggart
 20137 | Elf:2    | Found a runed translucent gate.
 20137 | Elf:2    | Found a runed translucent gate.
 20143 | Elf:2    | Noticed cpf86's ghost (adept DjFE)
 20153 | Elf:2    | Found a runed translucent gate.
 20652 | Elf:2    | Paralysed by an air elemental for 1 turns
 20661 | Elf:2    | Reached skill level 14 in Stealth
 20665 | Elf:2    | Paralysed by an air elemental for 1 turns
 20670 | Elf:2    | Killed from afar by a ghostly deep elf death mage

Illustrated notes

Levels and vault maps discovered:
D:1:      dpeg_arrival_snail, layout_loops_cross, minmay_tetromino_t2
D:2:      layout_basic, basic_ecumenical_altar, serial_park_tiny_1
D:3:      layout_rooms, serial_shops, shop, shop, nicolae_square_shop,
          nicolae_shop_statue_plus, nicolae_shop_advertising_works
          [nicolae_subvault_shop_adworks], serial_bayou_pond_b,
          hex_intersection, grunt_ministairs_5, uniq_terence
D:4:      layout_cave_pools
D:5:      layout_basic, marbit_many_paths, nicolae_kikubaaqudgha_miasma_corner
D:6:      layout_basic, temple_statues, nicolae_ossuary_entry_giza
D:7:      layout_cave_pools, mainiacjoe_overflow_concentric_impassable,
          enter_bailey_7
D:8:      layout_basic, grunt_gozag_statues, ebering_ghost_rock_garden
D:9:      layout_basic, minmay_sticks_and_stones
D:10:     layout_roguey, nicolae_overflow_crystal_walls, zombieorc1_lemuel,
          minmay_gold_behind_fungi, kennysheep_cluttered_room
D:11:     layout_roguey, erik_lair_orcish_takeover, gauntlet_entry_generic
D:12:     layout_cave_pods
D:13:     layout_roguey, erik_vaults_1
D:14:     minmay_cut_squares, layout_rooms, minmay_misc_feat_encased,
          minmay_diced_spiral, uniq_josephine
D:15:     grunt_enter_depths_magical_seal, layout_long_grid, serial_shops,
          nicolae_diamond_shop, lemuel_crystal_altar, pond
Temple:   hellmonk_temple_divided_pantheon
Lair:1:   layout_long_grid
Lair:2:   layout_roguey
Lair:3:   pond_and_an_island_with_a_cottage, layout_regular_city,
          minmay_swamp_entry_reptiles, nicolae_spider_entry_non_spiders,
          infiniplex_staircase_pool, uniq_gastronok
Lair:4:   layout_loops_ring, minmay_slime_entry_pillars
Lair:5:   minmay_lair_end_frog_pond, layout_long_grid, serial_forest,
          infiniplex_forest_straight_3, infiniplex_forest_lined_corner,
          infiniplex_forest_lined_3, infiniplex_forest_zigzag_1,
          infiniplex_forest_clump_double, infiniplex_forest_straight_2,
          infiniplex_forest_clump_small, infiniplex_forest_3_way,
          enter_volcano_4
Orc:1:    layout_caves
Orc:2:    grunt_orc_community_town_hall, layout_caves,
          grunt_orc_community_big_house_1, grunt_orc_community_big_house_2,
          grunt_orc_community_house_1, grunt_orc_community_house_2,
          grunt_orc_community_house_2, grunt_orc_community_house_1, basic_altar,
          bloody_makhleb, uniq_maurice
Elf:1:    nicolae_elf_arrival_no_cutting_in_line, layout_rooms,
          gammafunk_ghost_wrathful_warriors, basic_altar, minmay_elf_demonology,
          uniq_kirke
Elf:2:    nicolae_elf_blades_crystal_corner, layout_geoelf_grid,
          gammafunk_ghost_split, hangedman_glass_teeth, guppyfry_library_mini

Skill      XL: |  1  2  3  4  5  6  7  8  9 10 11 12 13 14 15 16 17 |
---------------+----------------------------------------------------+-----
Stealth        | 1 2 3 4 6 7 8 10 11 12 13 14 | 14.0
Fighting       | 2 3 4 6 7 9 10 11 12 13 | 13.0
Short Blades   | 1 2 3 4 5 7 9 10 11 12 | 12.0
Evocations     | 4 5 6 |  6.6
Shields        | 1 4 6 8 9 |  9.1
Invocations    | 1 6 8 |  8.0
Spellcasting   | 3 6 7 8 |  8.0
Translocations | 2 4 |  4.0
Dodging        | 1 5 6 |  6.0
Armour         | 2 4 |  4.0
Necromancy     | 6 8 |  8.1
Earth Magic    | 4 |  4.0

Action                     |  1- 3 |  4- 6 |  7- 9 | 10-12 | 13-15 | 16-18 || total
---------------------------+-------+-------+-------+-------+-------+-------++-------
  Melee: Short sword       |   144 |   213 |   318 |   806 |   404 |   868 ||  2753
         Club              |    12 |       |       |       |       |       ||    12
         Punch             |     1 |       |     3 |     1 |       |       ||     5
         Headbutt          |       |       |       |   208 |   124 |   237 ||   569
   Fire: Sling             |     3 |       |       |       |       |       ||     3
   Cast: Animate Dead      |       |       |       |       |       |     4 ||     4
 Invoke: Lesser Servant of |       |       |       |     4 |       |     6 ||    10
         Minor Destruction |       |       |       |    21 |    14 |     9 ||    44
  Evoke: Wand              |     5 |    17 |     1 |     8 |       |    15 ||    46
         Condenser vane    |       |       |       |       |       |     1 ||     1
    Use: Scroll            |     3 |    10 |     9 |     8 |     4 |     4 ||    38
         Potion            |       |     1 |     1 |       |     3 |     1 ||     6
   Stab: Sleeping          |     1 |     5 |     8 |    25 |     8 |    27 ||    74
         Distracted        |       |     2 |       |     4 |     1 |     2 ||     9
         Invisible         |       |       |       |       |     8 |       ||     8
         Confused          |       |       |       |       |       |     2 ||     2
 Armour: Leather armour    |    40 |       |       |       |       |       ||    40
         Ring mail         |    13 |   109 |    50 |    83 |    65 |   208 ||   528
  Dodge: Dodged            |    88 |   175 |   139 |   235 |   108 |   267 ||  1012
  Block: Other             |       |    35 |    35 |    14 |       |       ||    84
         Reflection        |       |     1 |     3 |     2 |     3 |    30 ||    39
         Buckler           |       |       |       |   227 |   155 |   355 ||   737
         Kite shield       |       |       |       |       |       |    29 ||    29

Table legend: (Time is in decaauts)
 A = Elapsed time spent in this place.
 B = Non-inter-level travel time spent in this place.
 C = Inter-level travel time spent in this place.
 D = Time resting spent in this place.
 E = Time spent auto-exploring this place.
 F = Levels seen in this place.
 G = Mean time per level.
                   A        B        C        D        E       F      G
               +--------+--------+--------+--------+--------+-----+--------+
         Total |  19654 |  18389 |   1265 |   1323 |  11816 |  28 |  701.9 |
       Dungeon |  11814 |  10873 |    941 |    807 |   7150 |  15 |  787.6 |
        Temple |     47 |     40 |      7 |      0 |      6 |   1 |   47.0 |
          Lair |   4214 |   4030 |    184 |     80 |   2828 |   5 |  842.8 |
  Orcish Mines |   1460 |   1351 |    109 |      0 |    984 |   2 |  730.0 |
   Elven Halls |   1086 |   1063 |     23 |    299 |    496 |   2 |  543.0 |
       Ossuary |    308 |    308 |      0 |      0 |    186 |   1 |  308.0 |
        Bailey |    418 |    418 |      0 |    137 |     91 |   1 |  418.0 |
       Volcano |    303 |    303 |      0 |      0 |     75 |   1 |  303.0 |
               +--------+--------+--------+--------+--------+-----+--------+

Top non-repeatable levels by time:
     D:6: 1399 daAuts
   Orc:2: 1124 daAuts
     D:1: 1071 daAuts
    D:10: 1069 daAuts
  Lair:5: 1032 daAuts
  Lair:3: 977 daAuts
     D:5: 928 daAuts
     D:8: 916 daAuts
   Elf:1: 840 daAuts
    D:12: 820 daAuts
    D:11: 812 daAuts
     D:2: 800 daAuts
     D:4: 787 daAuts
  Lair:1: 762 daAuts
  Lair:2: 740 daAuts
